 Dungeon Crawl Stone Soup version 0.20-a0-709-gd40821f (webtiles) character file.

1474 Gorglomux the Destroyer (level 8, -2/41 HPs)
             Began as a Deep Elf Fire Elementalist on Feb 21, 2017.
             Was an Initiate of Vehumet.
             Killed by miscasting Fireball (22 damage)
             ... on level 6 of the Dungeon.
             The game lasted 00:20:11 (7081 turns).

Gorglomux the Destroyer (DEFE)                      Turns: 7081, Time: 00:20:12

Health: -2/41      AC:  5    Str:  5    XL:     8   Next: 49%
Magic:  5/22       EV: 13    Int: 23    God:    Vehumet [......]
Gold:   390        SH:  4    Dex: 15    Spells: 5/23 levels left

rFire    . . .     SeeInvis .   L - +0 spear
rCold    . . .     Gourm    .   a - +0 robe
rNeg     . . .     Faith    .   (no shield)
rPois    .         Spirit   .   (no helmet)
rElec    .         Reflect  +   r - +1 cloak
rCorr    +         Harm     .   (no gloves)
MR       .....                  m - +0 pair of boots
Stlth    ++........             F - +4 amulet of reflection
Regen    0.2/turn               g - ring of resist corrosion
MPRegen  0.2/turn               l - ring of flight

@: very slightly contaminated
A: no striking features
a: Renounce Religion, Evoke Flight


You were on level 6 of the Dungeon.
You worshipped Vehumet.
Vehumet was noncommittal.
You were not hungry.

You visited 2 branches of the dungeon, and saw 7 of its levels.

You collected 390 gold pieces.

Inventory:

Hand Weapons
 x - a +2 dagger of draining
 L - a +0 spear (weapon)
Armour
 a - a +0 robe (worn)
 m - a +0 pair of boots (worn)
 r - a +1 cloak (worn)
Jewellery
 g - a ring of resist corrosion (right hand)
 l - a ring of flight (left hand)
 F - a +4 amulet of reflection (around neck)
 G - an uncursed ring of ice
Wands
 E - a wand of enslavement (19/24)
Scrolls
 p - 4 scrolls of remove curse
 q - a scroll of enchant weapon {unknown}
 w - a scroll of fear {unknown}
 z - a scroll of enchant armour
 A - a scroll of amnesia
 B - a scroll of random uselessness {unknown}
 R - 2 scrolls of identify
 T - a scroll of teleportation
 V - a scroll of magic mapping {unknown}
 Z - a scroll of noise {unknown}
Potions
 k - 2 potions of cancellation
 o - 2 potions of resistance
 s - 5 potions of curing
 v - 2 potions of heal wounds
 D - 4 potions of agility
 I - a potion of ambrosia
 M - a potion of magic
 O - a potion of brilliance
 P - a potion of might {unknown}
 X - a potion of mutation {unknown}
Books
 b - a book of Flames

   Spells                             Type                      Level
   a - Flame Tongue                   Conjuration/Fire             1
   b - Throw Flame                    Conjuration/Fire             2
   c - Conjure Flame                  Conjuration/Fire             3
   d - Inner Flame                    Hexes/Fire                   3
   e - Sticky Flame                   Conjuration/Fire             4
   f - Fireball                       Conjuration/Fire             5
 Q - a book of Minor Magic

   Spells                             Type                      Level
   a - Magic Dart                     Conjuration                  1
   b - Blink                          Translocation                2
   c - Call Imp                       Summoning                    2
   d - Slow                           Hexes                        2
   e - Conjure Flame                  Conjuration/Fire             3
   f - Mephitic Cloud                 Conjuration/Poison/Air       3
 U - a book of Geomancy

   Spells                             Type                      Level
   a - Sandblast                      Earth                        1
   b - Passwall                       Transmutation/Earth          2
   c - Stone Arrow                    Conjuration/Earth            3
   d - Petrify                        Transmutation/Earth          4
   e - Lee's Rapid Deconstruction     Earth                        5
Comestibles
 c - 7 bread rations
 n - 2 meat rations
 t - 4 royal jellies
 H - a fruit


   Skills:
 - Level 2.4 Dodging
 - Level 2.4 Stealth
 + Level 8.1 Spellcasting
 + Level 8.2 Conjurations
 - Level 6.0 Fire Magic


You had 5 spell levels left.
You knew the following spells:

 Your Spells              Type           Power        Failure   Level  Hunger
a - Flame Tongue          Conj/Fire      #####        1%          1    None
b - Sticky Flame          Conj/Fire      #####...     4%          4    ###....
c - Fireball              Conj/Fire      #####.....   12%         5    #####..
d - Blink                 Tloc           N/A          12%         2    None
e - Stone Arrow           Conj/Erth      ####..       4%          3    None
j - Conjure Flame         Conj/Fire      #####...     1%          3    None


Dungeon Overview and Level Annotations

Branches:
Dungeon (6/15)             Temple (1/1) D:6

Altars:
Ashenzari
Cheibriados
Elyvilon
Fedhas
Gozag
Hepliaklqana Ieoh Jian
Nemelex Xobeh
Qazlal
Ru
Sif Muna
Trog
Vehumet
Xom
Yredelemnul
Zin
The Shining One


Message History

Press: ? - help, Shift-Dir - straight line, f - orc wizard
Aim: an orc wizard, wielding a dagger and wearing a runed robe (lightly wounded)
The stone arrow hits the orc wizard.
You kill the orc wizard!
Vehumet accepts your kill.
You hear a shout!
An ogre comes into view. It is wielding a giant club.
Unknown command.
The orc warrior shouts!
There is a stone staircase leading up here.
Casting: Stone Arrow
Confirm with . or Enter, or press ? or * to list all spells.
Aiming: Fireball
Press: ? - help, Shift-Dir - straight line, f - worker ant
Aim: a worker ant (hasn't noticed you)
You miscast Fireball.
You are very lightly contaminated with residual magic.
You are caught in a violent explosion!
The explosion engulfs you!
Ouch! That really hurt!
You die...

######################
.#.#.#.#.#.#.#.#.#.#.##
#.#.#.#.#.#.#.#.#.#.#.#
.#.#.#.#O#.#.#.#.#.#.##
#.#o#.#.#.#.#.#.#.#.#.#
)#.#(#.#.#.#.#.#.#.#.##
#)#.#.#.#.#.#.#.#.#.#.#
.#.#...#.#...#.#@#.#.##
#O###.##.##.###.#.#.#.#
.#.#.........#.#.#a#.##
#...............#.#.#.#
.#.#..⌠...⌠..#.#.#.#.##
#.##.........##.# #.#.#
<#......>......#.# #.##
#)##.........##.#.# #.#
.#.#o.⌠...⌠..# .#. ##


You could see a worker ant (wandering).

Vanquished Creatures
  Grinder (D:3)
  A hippogriff (D:4)
  Menkaure (D:6)
  2 ogres
  A big kobold (D:4)
  3 howler monkeys (D:4)
  2 crimson imps (D:5)
  A gnoll shaman (D:4)
  An iguana (D:4)
  A bullfrog skeleton (D:4)
  3 orc wizards
  A worker ant (D:4)
  A hound zombie (D:5)
  A hound skeleton (D:5)
  4 adders
  9 gnolls
  A howler monkey skeleton (D:5)
  4 oozes
  4 worms (D:2)
  3 dart slugs
  8 leopard geckos
  13 orcs
  6 ball pythons
  4 giant cockroaches
  44 goblins
  21 hobgoblins
  9 jackals
  4 quokkas
  3 bats
  3 frilled lizards
  10 kobolds
  7 rats
177 creatures vanquished.

Vanquished Creatures (others)
  A goblin (D:4)
1 creature vanquished.

Grand Total: 178 creatures vanquished

Notes
Turn   | Place    | Note
-------+----------+-------------------------------------------
     0 | D:1      | Gorglomux the Deep Elf Fire Elementalist began the quest for the Orb.
     0 | D:1      | Reached XP level 1. HP: 10/10 MP: 6/6
   466 | D:1      | Reached XP level 2. HP: 15/15 MP: 1/8
  1191 | D:1      | Reached XP level 3. HP: 19/19 MP: 6/9
  1312 | D:2      | Learned a level 3 spell: Conjure Flame
  1390 | D:2      | Learned a level 3 spell: Inner Flame
  1536 | D:2      | Reached skill level 3 in Conjurations
  1732 | D:2      | Reached XP level 4. HP: 24/24 MP: 8/10
  2727 | D:3      | Noticed Grinder
  2727 | D:3      | Paralysed by Grinder for 3 turns
  2872 | D:2      | Learned a level 4 spell: Sticky Flame
  2925 | D:3      | Paralysed by Grinder for 7 turns
  2942 | D:3      | Killed Grinder
  2942 | D:3      | Reached XP level 5. HP: 22/28 MP: 3/11
  2942 | D:3      | Reached XP level 6. HP: 25/32 MP: 3/12
  3187 | D:3      | Found a faded altar of an unknown god.
  3369 | D:4      | Reached skill level 6 in Fire Magic
  3444 | D:4      | Found a hazy altar of Hepliaklqana.
  3921 | D:4      | Reached XP level 7. HP: 23/36 MP: 1/15
  4470 | D:4      | Learned a level 5 spell: Fireball
  4507 | D:4      | Noticed a hippogriff
  4537 | D:4      | Killed a hippogriff
  4537 | D:4      | Reached skill level 6 in Conjurations
  4990 | D:4      | Learned a level 2 spell: Blink
  5287 | D:4      | Reached skill level 6 in Spellcasting
  5786 | D:4      | Reached XP level 8. HP: 31/41 MP: 6/20
  6009 | D:5      | Entered Level 5 of the Dungeon
  6069 | D:5      | Found an opulent altar of Gozag.
  6112 | D:4      | Learned a level 3 spell: Stone Arrow
  6786 | D:6      | Found a staircase to the Ecumenical Temple.
  6820 | Temple   | Entered the Ecumenical Temple
  6884 | Temple   | Became a worshipper of Vehumet
  6975 | D:6      | Noticed Menkaure
  7050 | D:6      | Killed Menkaure
  7081 | D:6      | Killed by miscasting Fireball

Vault maps used:
D:1:      wheals_arrival_shading, minmay_misc_feat_room
D:2:      minmay_diamond_boxcup, first_bread, minmay_statues_item, uniq_robin
D:3:      chequers_ecumenical_altar_simple, uniq_grinder
D:4:      minmay_goblin_kobold_castle, lemuel_crystal_altar
D:5:      old_standard_altar
D:6:      chequers_temple_overflow_statue_of_worship,
          minmay_temple_entry_large_hall, serial_shops,
          nicolae_shop_behind_doors, uniq_menkaure
Temple:   regret_index_temple_waves

Skill      XL: |  1  2  3  4  5  6  7  8 |
---------------+-------------------------+-----
Conjurations   | 2 3 4 5 7 8 |  8.2
Fire Magic     | 4 5 6 |  6.0
Spellcasting   | 4 6 8 |  8.1
Dodging        | |  2.4
Stealth        | |  2.4

Action                   |  1- 3 |  4- 6 |  7- 9 || total
-------------------------+-------+-------+-------++-------
Melee: Unarmed           |     3 |       |       ||     3
       Dagger            |       |     5 |    20 ||    25
       Spear             |       |    26 |   131 ||   157
 Cast: Flame Tongue      |    66 |   105 |    75 ||   246
       Conjure Flame     |     2 |     7 |     3 ||    12
       Inner Flame       |     1 |     1 |       ||     2
       Sticky Flame      |       |     3 |     7 ||    10
       Fireball          |       |       |    16 ||    16
       Stone Arrow       |       |       |     4 ||     4
  Use: Potion            |       |     2 |       ||     2
       Scroll            |       |     1 |    10 ||    11
 Stab: Sleeping          |       |     1 |       ||     1
  Eat: Chunk             |     3 |     7 |    15 ||    25
       Royal jelly       |       |       |     1 ||     1
Armor: Robe              |     1 |    12 |    26 ||    39
Dodge: Dodged            |    13 |    50 |    76 ||   139
Block: Other             |       |     7 |    27 ||    34
       Reflection        |       |     3 |     1 ||     4
